 Dungeon Crawl Stone Soup version 0.23.2-11-gf996548c65 (webtiles) character file.

Game seed: 15678634945421624938

48 Gazerockf the Sneak (level 3, 0/21 HPs)
             Began as an Octopode Venom Mage on June 4, 2019.
             Was an Initiate of Qazlal.
             Slain by an ice beast (9 damage)
             ... on level 2 of the Dungeon.
             The game lasted 00:05:31 (1866 turns).

Gazerockf the Sneak (Octopode Venom Mage)           Turns: 1866, Time: 00:05:32

Health: 0/21       AC:  1    Str:  7    XL:     3   Next: 72%
Magic:  3/6        EV: 13    Int: 18    God:    Qazlal [......]
Gold:   91         SH:  0    Dex: 12    Spells: 5/6 levels left

rFire    . . .     SeeInvis .   (no weapon)
rCold    . . .     Gourm    .   (no shield)
rNeg     . . .     Faith    .   (helmet restricted)
rPois    .         Spirit   .   (no amulet)
rElec    .         Reflect  .   (no ring)
rCorr    .         Harm     .   (no ring)
MR       .....                  (no ring)
Stlth    ++++......             (no ring)
HPRegen  0.07/turn              (no ring)
MPRegen  0.10/turn              (no ring)
                                (no ring)
                                (no ring)

@: very slightly contaminated
A: almost no armour, stealthy swim, amphibious, 8 rings, constrict 8, camouflage
1, gelatinous body 1
a: Renounce Religion


You were on level 2 of the Dungeon.
You worshipped Qazlal.
Qazlal was noncommittal.
You were not hungry.

You visited 1 branch of the dungeon, and saw 3 of its levels.

You collected 91 gold pieces.

Inventory:

Jewellery
 e - a cursed ring of teleportation
Scrolls
 a - 2 scrolls of identify
 d - a scroll of fear {unknown}
 f - a scroll of fog {unknown}
 h - 2 scrolls of teleportation {unknown}
 i - 2 scrolls of remove curse {unknown}
 j - a scroll of blinking {unknown}
Potions
 c - 2 potions of curing {unknown}
Comestibles
 b - 3 rations
 g - 4 chunks of flesh


   Skills:
 - Level 2.0 Dodging
 + Level 5.6 Stealth
 - Level 2.0 Spellcasting
 - Level 1.0 Conjurations
 - Level 3.6 Poison Magic


You had 5 spell levels left.
You knew the following spells:

 Your Spells              Type           Power        Failure   Level  Hunger
a - Sting                 Conj/Pois      ##..         7%          1    #......

Your spell library contained the following spells:

 Spells                   Type           Power        Failure   Level  Hunger
 Poisonous Vapours        Pois/Air       #.....       13%         2    ###....
 Mephitic Cloud           Conj/Pois/Air  #.......     28%         3    ###....
 Olgreb's Toxic Radiance  Pois           ##......     38%         4    #####..
 Venom Bolt               Conj/Pois      ##........   89%         5    ######.


Dungeon Overview and Level Annotations

Branches:
Dungeon (3/15)

Altars:
Qazlal


Innate Abilities, Weirdness & Mutations

You cannot wear most types of armour.
You are very stealthy in the water. (Stealth+)
You are amphibious.
You can wear up to eight rings at the same time.
You can use your tentacles to constrict eight enemies at once.
Your skin changes colour to match your surroundings (Stealth+).
Your rubbery body absorbs attacks. (AC +1, EV +1)


Message History

Confirm with . or Enter, or press ? or * to list all spells.
Aiming: Sting (safe; 7% risk of failure)
Press: ? - help, Shift-Dir - straight line, f/p - ice beast
Aim: an ice beast You miscast Sting.
Nothing appears to happen.
The ice beast hits you. The ice beast freezes you!
Ouch! That really hurt!
A jackal skeleton comes into view.
There is a stone staircase leading up here.
The ice beast barely misses you.
You climb upwards.
There is a stone staircase leading down here.
Casting: Sting (safe; 7% risk of failure)
Confirm with . or Enter, or press ? or * to list all spells.
Aiming: Sting (safe; 7% risk of failure)
Press: ? - help, Shift-Dir - straight line, f - ice beast
Aim: an ice beast The sting hits the ice beast.
The ice beast completely resists.
The ice beast hits you. The ice beast freezes you!
You die...

#.......# #.......#
############.......#
##...................
##...................(
#................).<.#
#................#####
#.....>..........#
########...Y@...........#
#.........>.............#
#.......................#
#......................##
#..............##.....######
#..)......#....#####.......##
# #######.......## #.#####...
### #.##....## #.# #### ..###
#####.##.....# #.#


You could see an ice beast.

Vanquished Creatures
  A worm (D:2)
  2 dart slugs
  4 giant cockroaches
  4 goblins
  5 hobgoblins
  2 jackals (D:1)
  9 kobolds
  2 quokkas (D:2)
  3 bats (D:1)
  4 frilled lizards
36 creatures vanquished.

Notes
Turn   | Place    | Note
-------+----------+-------------------------------------------
     0 | D:1      | Gazerockf the Octopode Venom Mage began the quest for the
                  | Orb.
     0 | D:1      | Reached XP level 1. HP: 11/11 MP: 3/3
    40 | D:1      | Reached skill level 3 in Stealth
   327 | D:1      | Reached XP level 2. HP: 7/17 MP: 0/5
   526 | D:1      | Reached skill level 4 in Stealth
  1010 | D:1      | Reached XP level 3. HP: 15/21 MP: 1/6
  1267 | D:2      | Reached skill level 5 in Stealth
  1583 | D:2      | Found a stormy altar of Qazlal.
  1605 | D:2      | Became a worshipper of Qazlal Stormbringer
  1850 | D:3      | Noticed an ice beast
  1866 | D:2      | Slain by an ice beast

Skill      XL: |  1  2  3 |
---------------+----------+-----
Stealth        | 3 4 5 |  5.6
Dodging        | |  2.0
Spellcasting   | |  2.0
Conjurations   | |  1.0
Poison Magic   | |  3.6

Action                   || total
-------------------------++-------
Melee: Unarmed           ||    60
       Tentacles         ||     8
       Constrict         ||    14
 Cast: Sting             ||    63
  Use: Scroll            ||     2
 Stab: Sleeping          ||     1
  Eat: Chunk             ||     4
Armor: Skin              ||    10
Dodge: Dodged            ||    44
